 Dungeon Crawl Stone Soup version 0.29.1-1-gd02db6906a (webtiles) character file.

Game seed: 1250444017947117628

51 Earthwalker the Trooper (level 3, -4/33 HPs)
             Began as a Minotaur Fighter on Oct 6, 2022.
             Killed from afar by an orc wizard (9 damage)
             ... with a puff of flame
             ... on level 2 of the Dungeon.
             The game lasted 00:02:30 (496 turns).

Earthwalker the Trooper (Minotaur Fighter)           Turns: 496, Time: 00:02:31

Health: -4/33      AC:  7    Str: 20    XL:     3   Next: 57%
Magic:  2/2        EV:  9    Int:  5    God:
Gold:   53         SH:  0    Dex: 11    Spells: 2/2 levels left

rFire   . . .      SeeInvis .   a - +0 long sword
rCold   . . .      Faith    .   c - +0 buckler
rNeg    . . .      Spirit   .   b - +0 scale mail
rPois   .          Reflect  .   (helmet restricted)
rElec   .          Harm     .   (no cloak)
rCorr   .          Rampage  .   (no gloves)
Will    .....                   (no boots)
Stlth   ..........              (no amulet)
HPRegen 0.11/turn               (no ring)
MPRegen 0.08/turn               (no ring)

@: confused
A: horns 2, retaliatory headbutt
a: no special abilities


You were on level 2 of the Dungeon.
You visited 1 branch of the dungeon, and saw 2 of its levels.

You collected 53 gold pieces.

Inventory:

Hand Weapons
 a - a +0 long sword (weapon)
Armour
 b - a +0 scale mail (worn)
 c - a +0 buckler (worn)
Scrolls
 e - a scroll of identify {unknown}
 f - a scroll of blinking {unknown}
Potions
 d - a potion of might


   Skills:
 + Level 4.2 Fighting
 + Level 3.1 Long Blades
 + Level 4.2 Armour
 + Level 4.2 Shields


You had 2 spell levels left.
You didn't know any spells.
Your spell library was empty.

Dungeon Overview and Level Annotations

Branches:
Dungeon (2/15)

Altars:

Annotations:
D:2 1 runed translucent door, Crazy Yiuf


Innate Abilities, Weirdness & Mutations

You have a pair of horns on your head.
You reflexively headbutt those who attack you in melee.


Message History

You hit the orc wizard.
You kill the orc wizard!
Your Long Blades skill increases to level 3!
You have reached level 3!
Your experience leads to an increase in your attributes!
Increase (S)trength, (I)ntelligence, or (D)exterity?
You feel agile. x2
You closely miss the orc. You block the orc's attack.
You hit the orc.
The orc is heavily wounded.
The orc hits you but does no damage. You block the orc's attack.
You closely miss the orc. Your headbutt misses the orc.
The orc is heavily wounded.
The orc hits you with a +0 short sword.
* * * LOW HITPOINT WARNING * * *
You hit the orc.
The orc is severely wounded.
The orc misses you.
You hit the orc but do no damage. Your headbutt misses the orc.
The orc is severely wounded.
The orc hits you but does no damage.
You barely miss the orc.
The orc is severely wounded.
The orc wizard shouts!
You barely miss the orc wizard. Your headbutt misses the orc wizard.
The orc wizard gestures at you while chanting.
You are confused.
You hear a shout!
You bump into the rock wall.
The orc wizard points at you and mumbles some strange words.
The magic dart hits you.
* * * LOW HITPOINT WARNING * * *
You barely miss the orc wizard. Your headbutt misses the orc wizard.
The orc wizard casts a spell at you. You resist with significant effort.
Unknown command.
You bump into the rock wall.
The orc wizard points at you and mumbles some strange words.
The puff of flame hits you!
You die...

#o# #.# ##o## ##...##
#..w..# ##...## ##.## #
#.#######.####....
#.....@oo.....#
#.#######.###### #.#
######### #.# #.......##
#.# #........# #.##########
#..####..####..........#
#..##..............###.####
##################........#


You could see an orc wizard and an orc.

Vanquished Creatures
  An orc wizard (D:2)
  An adder (D:2)
  A worm (D:2)
  An orc (D:2)
  An endoplasm (D:2)
  A goblin (D:2)
  3 hobgoblins
  A kobold (D:2)
  A quokka (D:2)
  3 rats (D:2)
14 creatures vanquished.

Notes
Turn   | Place    | Note
-------+----------+-------------------------------------------
     0 | D:1      | Earthwalker the Minotaur Fighter began the quest for the
                  | Orb.
     0 | D:1      | Reached XP level 1. HP: 19/19 MP: 0/0
    57 | D:1      | You fall into a shaft and drop 1 floor!
    97 | D:2      | Reached XP level 2. HP: 24/27 MP: 1/1
   230 | D:2      | Found a runed translucent door.
   231 | D:2      | Noticed Crazy Yiuf
   487 | D:2      | Reached XP level 3. HP: 9/33 MP: 2/2
   496 | D:2      | Killed from afar by an orc wizard

Illustrated notes

Levels and vault maps discovered:
D:1:      dpeg_arrival_long_road, layout_loops_corners, serial_shops,
          nicolae_shop_trees, grunt_decor_one_mirror
D:2:      layout_loops_corners, uniq_crazy_yiuf_cottage

Skill      XL: |  1  2 |
---------------+-------+-----
Armour         | 4 |  4.2
Shields        | 4 |  4.2
Fighting       | 4 |  4.2
Long Blades    | 3 |  3.1

Action                   || total
-------------------------++-------
Melee: Long sword        ||    39
       Headbutt          ||     4
Armor: Scale mail        ||     5
Dodge: Dodged            ||    11
Block: Buckler           ||     5
